3AA
GLENDALE HERONS @ LONG ISLAND SEAWOLVES
07/20/2029
 
TOP OF THE 1ST
Glendale Herons batting - Pitching for Long Island Seawolves : RHP Henri Paravicini
Pitching: RHP Henri Paravicini
Batting: LHB Su-wu Xiao 0-0: Ball
1-0: Called Strike
1-1: Foul Ball, location: 2F
1-2: Foul Ball, location: 2F
1-2: SINGLE (Groundball, 4MD)
Batting: SHB Yun-qi Chien 0-0: Ball
1-0: Ball
2-0: Foul Ball, location: 2F
2-1: Fly out, F8 (Flyball, 78D)
Batting: RHB Ellis Greenham 0-0: Ball
1-0: Fly out, F8 (Flyball, 8LD)
Batting: LHB Jin-song Seah 0-0: SINGLE (Line Drive, 34D)
Su-wu Xiao to second
Runner from 2nd tries for 3rd, SAFE, no throw
Batting: RHB Francisco Guerra 0-0: Ball
1-0: Fielders Choice at 2nd, 5-4 (Groundball, 56)
Top of the 1st over - 0 runs, 2 hits, 0 errors, 2 left on base; Glendale 0 - Long Island 0
BOTTOM OF THE 1ST
Long Island Seawolves batting - Pitching for Glendale Herons : RHP Jason Troughton
Pitching: RHP Jason Troughton
Batting: RHB José Orihvela 0-0: Ball
1-0: Ball
2-0: Ball
3-0: Base on Balls
Batting: LHB Roberto Valle 0-0: Ball
1-0: Ball
2-0: Called Strike
2-1: Foul Ball, location: 2F
2-2: Grounds into double play, 1-4-3 (Groundball, 15S)
Batting: SHB Alfredo Sánchez 0-0: Called Strike
0-1: Swinging Strike
0-2: Ball
1-2: Foul Ball, location: 2F
1-2: Foul Ball, location: 2F
1-2: Ball
2-2: Ball
3-2: Base on Balls
Batting: LHB Jackson Curry 0-0: Called Strike
0-1: Called Strike
0-2: Ball
1-2: SINGLE (Line Drive, 4)
Alfredo Sánchez to second
Runner from 2nd tries for 3rd, OUT!
Bottom of the 1st over - 0 runs, 1 hit, 0 errors, 1 left on base; Glendale 0 - Long Island 0
TOP OF THE 2ND
Glendale Herons batting - Pitching for Long Island Seawolves : RHP Henri Paravicini
Batting: LHB Xu Cheng 0-0: Fly out, F9 (Flyball, 9LS)
Batting: RHB Michael Sweeney 0-0: Ball
1-0: Ball
2-0: Ball
3-0: Base on Balls
Batting: RHB Hatui Haunani 0-0: Ball
1-0: Fly out, F8 (Line Drive, 8RS)
Batting: RHB Luis Trevino 0-0: Ball
1-0: Ground out 6-3 (Groundball, 6S)
Top of the 2nd over - 0 runs, 0 hits, 0 errors, 1 left on base; Glendale 0 - Long Island 0
BOTTOM OF THE 2ND
Long Island Seawolves batting - Pitching for Glendale Herons : RHP Jason Troughton
Batting: RHB Alfredo Escalante 0-0: Foul Ball, location: 2F
0-1: Ground out 6-3 (Groundball, 56)
Batting: LHB Pedro Colón 0-0: Ball
1-0: Foul Ball, location: 2F
1-1: Foul Ball, location: 2F
1-2: SINGLE (Groundball, 6MS) (infield hit)
Batting: LHB Govaart Pleijt 0-0: Called Strike
0-1: Ball
1-1: Foul Ball, location: 2F
1-2: Ball
2-2: Ball
3-2: Base on Balls
Pedro Colón to second
Batting: RHB Júlio Flores 0-0: Foul Ball, location: 2F
0-1: Swinging Strike
0-2: Ball
1-2: Ball
2-2: Ball
3-2: Foul Ball, location: 2F
3-2: Foul Ball, location: 2F
3-2: Fly out, F9 (Flyball, 89D)
Runner from 2nd tags up, SAFE at 3rd, no throw
Batting: LHB Greg Watkins 0-0: Ball
1-0: Called Strike
1-1: Ball
2-1: Ball
3-1: Foul Ball, location: 2F
3-2: Ground out 5-3 (Groundball, 56)
Bottom of the 2nd over - 0 runs, 1 hit, 0 errors, 2 left on base; Glendale 0 - Long Island 0
TOP OF THE 3RD
Glendale Herons batting - Pitching for Long Island Seawolves : RHP Henri Paravicini
Batting: LHB Su-wu Xiao 0-0: Ball
1-0: Ball
2-0: Called Strike
2-1: SINGLE (Groundball, 25) (infield hit)
Batting: SHB Yun-qi Chien 0-0: Ball
Wild Pitch!
Su-wu Xiao to second
1-0: Ball
Su-wu Xiao is caught stealing 3rd base
2-0: Foul Ball, location: 2F
2-1: Ball
3-1: Ground out U3 (Groundball, 3S)
Batting: RHB Ellis Greenham 0-0: Fly out, F7 (Flyball, 7S)
Top of the 3rd over - 0 runs, 1 hit, 0 errors, 0 left on base; Glendale 0 - Long Island 0
BOTTOM OF THE 3RD
Long Island Seawolves batting - Pitching for Glendale Herons : RHP Jason Troughton
Batting: RHB José Orihvela 0-0: Fly out, F7 (Flyball, 7)
Batting: LHB Roberto Valle 0-0: Ground out 4-3 (Groundball, 4)
Batting: SHB Alfredo Sánchez 0-0: Ball
1-0: Foul Ball, location: 2F
1-1: Fly out, F8 (Flyball, 8LS)
Bottom of the 3rd over - 0 runs, 0 hits, 0 errors, 0 left on base; Glendale 0 - Long Island 0
TOP OF THE 4TH
Glendale Herons batting - Pitching for Long Island Seawolves : RHP Henri Paravicini
Batting: LHB Jin-song Seah 0-0: Foul Ball, location: 2F
0-1: Ball
1-1: Ball
2-1: SINGLE (Groundball, 3D)
Batting: RHB Francisco Guerra 0-0: Called Strike
0-1: Foul Ball, location: 2F
0-2: Ball
Jin-song Seah is caught stealing 2nd base
1-2: Ball
2-2: Ground out 5-3 (Groundball, 56S)
Batting: LHB Xu Cheng 0-0: Fly out, F3 (Popup, 3F)
Top of the 4th over - 0 runs, 1 hit, 0 errors, 0 left on base; Glendale 0 - Long Island 0
BOTTOM OF THE 4TH
Long Island Seawolves batting - Pitching for Glendale Herons : RHP Jason Troughton
Batting: LHB Jackson Curry 0-0: Ball
1-0: Ball
2-0: Called Strike
2-1: Ball
3-1: Called Strike
3-2: Base on Balls
Batting: RHB Alfredo Escalante 0-0: Ball
1-0: Ball
2-0: Called Strike
2-1: Called Strike
2-2: Strikes out looking
Batting: LHB Pedro Colón 0-0: Ball
1-0: Called Strike
1-1: Ball
2-1: Called Strike
2-2: Foul Ball, location: 2F
2-2: Grounds into double play, 4-6-3 (Groundball, 4)
Bottom of the 4th over - 0 runs, 0 hits, 0 errors, 0 left on base; Glendale 0 - Long Island 0
TOP OF THE 5TH
Glendale Herons batting - Pitching for Long Island Seawolves : RHP Henri Paravicini
Batting: RHB Michael Sweeney 0-0: SINGLE (Groundball, 34D)
Batting: RHB Hatui Haunani 0-0: Ball
1-0: Ball
2-0: Bunted foul
2-1: Bunt missed!
2-2: Fly out, F8 (Flyball, 8RD)
Batting: RHB Luis Trevino 0-0: Called Strike
0-1: Ball
1-1: Grounds into double play, 4-6-3 (Groundball, 4)
Top of the 5th over - 0 runs, 1 hit, 0 errors, 0 left on base; Glendale 0 - Long Island 0
BOTTOM OF THE 5TH
Long Island Seawolves batting - Pitching for Glendale Herons : RHP Jason Troughton
Batting: LHB Govaart Pleijt 0-0: Called Strike
0-1: Ball
1-1: Called Strike
1-2: Ground out 5-3 (Groundball, 56)
Batting: RHB Júlio Flores 0-0: Called Strike
0-1: Called Strike
0-2: Ball
1-2: Strikes out swinging
Batting: LHB Greg Watkins 0-0: DOUBLE (Line Drive, 8RD)
Batting: RHB José Orihvela 0-0: Ball
1-0: SINGLE (Line Drive, 78S)
Greg Watkins to third
Runner from 3rd tries for Home, SAFE, no throw
Batting: LHB Roberto Valle 0-0: Called Strike
José Orihvela steals 2nd base
0-1: Ball
1-1: SINGLE (Groundball, 56D)
José Orihvela to third
Runner from 3rd tries for Home, SAFE, no throw
Batting: SHB Alfredo Sánchez 0-0: Foul Ball, location: 2F
0-1: Ball
1-1: Ball
2-1: SINGLE (Groundball, 4MD)
Roberto Valle to second
Runner from 2nd tries for 3rd, SAFE, no throw
Batting: LHB Jackson Curry 0-0: Ball
1-0: Reached on error, E6 (Groundball, 6)
Roberto Valle scores
Alfredo Sánchez to second
Batting: RHB Alfredo Escalante 0-0: Swinging Strike
0-1: Called Strike
0-2: Ball
1-2: Ball
2-2: Foul Ball, location: 2F
2-2: Fielders Choice at 2nd, 5-4 (Groundball, 5L)
Bottom of the 5th over - 3 runs, 4 hits, 1 error, 2 left on base; Glendale 0 - Long Island 3
TOP OF THE 6TH
Glendale Herons batting - Pitching for Long Island Seawolves : RHP Henri Paravicini
Batting: LHB Su-wu Xiao 0-0: Ball
1-0: Ball
2-0: Swinging Strike
2-1: Foul Ball, location: 2F
2-2: Ball
3-2: Foul Ball, location: 2F
3-2: Strikes out swinging
Batting: SHB Yun-qi Chien 0-0: Called Strike
0-1: Ball
1-1: Fly out, F9 (Flyball, 89M)
Batting: RHB Ellis Greenham 0-0: Ball
1-0: Called Strike
1-1: SINGLE (Groundball, 34D)
Batting: LHB Jin-song Seah 0-0: Fly out, F1 (Line Drive, 13)
Top of the 6th over - 0 runs, 1 hit, 0 errors, 1 left on base; Glendale 0 - Long Island 3
BOTTOM OF THE 6TH
Long Island Seawolves batting - Pitching for Glendale Herons : RHP Jason Troughton
Batting: LHB Pedro Colón 0-0: Foul Ball, location: 2F
0-1: Ball
1-1: Ball
2-1: Ball
3-1: Called Strike
3-2: Base on Balls
Batting: LHB Govaart Pleijt 0-0: Sac Bunt - play at first, batter OUT! 5-3
Pedro Colón to second
Batting: RHB Júlio Flores 0-0: Swinging Strike
0-1: Swinging Strike
0-2: Ball
1-2: Ball
2-2: Strikes out swinging
Batting: LHB Greg Watkins 0-0: Called Strike
0-1: Ball
1-1: Foul Ball, location: 2F
1-2: Foul Ball, location: 2F
1-2: Ball
2-2: Strikes out looking
Bottom of the 6th over - 0 runs, 0 hits, 0 errors, 1 left on base; Glendale 0 - Long Island 3
TOP OF THE 7TH
Glendale Herons batting - Pitching for Long Island Seawolves : RHP Henri Paravicini
Batting: RHB Francisco Guerra 0-0: Foul Ball, location: 2F
0-1: Fly out, F3 (Line Drive, 34)
Batting: LHB Xu Cheng 0-0: SOLO HOME RUN (Flyball, 7LD), Distance : 336 ft
Batting: RHB Michael Sweeney 0-0: Ball
1-0: Called Strike
1-1: Foul Ball, location: 2F
1-2: Foul Ball, location: 2F
1-2: Ball
2-2: Ball
3-2: SINGLE (Groundball, 4D)
Batting: RHB Hatui Haunani 0-0: Ball
1-0: Fly out, F8 (Flyball, 8RD)
Batting: RHB Luis Trevino 0-0: Ball
1-0: Ball
2-0: Ball
3-0: Base on Balls
Michael Sweeney to second
Batting: LHB Su-wu Xiao 0-0: Called Strike
0-1: Fly out, F8 (Line Drive, 8RM)
Top of the 7th over - 1 run, 2 hits, 0 errors, 2 left on base; Glendale 1 - Long Island 3
BOTTOM OF THE 7TH
Long Island Seawolves batting - Pitching for Glendale Herons : RHP Jason Troughton
Batting: RHB José Orihvela 0-0: Ball
1-0: Called Strike
1-1: Foul Ball, location: 2F
1-2: Ball
2-2: Fly out, F9 (Line Drive, 89D)
Batting: LHB Roberto Valle 0-0: Swinging Strike
0-1: Ball
1-1: Ground out 6-3 (Groundball, 6)
Batting: SHB Alfredo Sánchez 0-0: Foul Ball, location: 2F
0-1: Ball
1-1: Ball
2-1: Foul Ball, location: 2F
2-2: SINGLE (Line Drive, 7S)
Pitching: RHP Guang Wen
Batting: LHB Jackson Curry 0-0: Ball
1-0: SINGLE (Line Drive, 6MD)
Alfredo Sánchez to second
Batting: RHB Alfredo Escalante 0-0: Ball
1-0: Fly out, F9 (Flyball, 9LS)
Bottom of the 7th over - 0 runs, 2 hits, 0 errors, 2 left on base; Glendale 1 - Long Island 3
TOP OF THE 8TH
Glendale Herons batting - Pitching for Long Island Seawolves : RHP Henri Paravicini
Batting: SHB Yun-qi Chien 0-0: Foul Ball, location: 2F
0-1: Called Strike
0-2: Ball
1-2: Strikes out swinging
Batting: RHB Ellis Greenham 0-0: Ball
1-0: Called Strike
1-1: Ball
2-1: Fly out, F6 (Popup, 6M)
Batting: LHB Jin-song Seah 0-0: Ball
1-0: SINGLE (Groundball, 13) (infield hit)
Batting: RHB Francisco Guerra 0-0: Ball
1-0: Ball
2-0: Ball
3-0: Called Strike
3-1: Base on Balls
Jin-song Seah to second
Batting: LHB Xu Cheng 0-0: Fly out, F5 (Popup, 15)
Top of the 8th over - 0 runs, 1 hit, 0 errors, 2 left on base; Glendale 1 - Long Island 3
BOTTOM OF THE 8TH
Long Island Seawolves batting - Pitching for Glendale Herons : RHP Guang Wen
Batting: LHB Pedro Colón 0-0: Ball
1-0: Foul Ball, location: 2F
1-1: Ball
2-1: Ball
3-1: Base on Balls
Batting: LHB Govaart Pleijt 0-0: Sac Bunt - play at first, batter OUT! 1-3
Pedro Colón to second
Batting: RHB Júlio Flores 0-0: Swinging Strike
0-1: Ball
1-1: Ground out 6-3 (Groundball, 6)
Batting: LHB Greg Watkins 0-0: Ball
1-0: Ball
2-0: Ball
3-0: Called Strike
3-1: Foul Ball, location: 2F
3-2: Foul Ball, location: 2F
3-2: Strikes out looking
Bottom of the 8th over - 0 runs, 0 hits, 0 errors, 1 left on base; Glendale 1 - Long Island 3
TOP OF THE 9TH
Glendale Herons batting - Pitching for Long Island Seawolves : RHP Henri Paravicini
Pitching: RHP Vinny Mariani
Batting: RHB Michael Sweeney 0-0: Called Strike
0-1: Ball
1-1: Swinging Strike
1-2: Ball
2-2: Ball
3-2: Foul Ball, location: 2F
3-2: Ground out 4-3 (Groundball, 4)
Batting: RHB Hatui Haunani 0-0: Ball
1-0: Ball
2-0: Ball
3-0: Called Strike
3-1: Swinging Strike
3-2: Foul Ball, location: 2F
3-2: Fly out, F8 (Flyball, 8RS)
Batting: RHB Luis Trevino 0-0: Ball
1-0: SINGLE (Groundball, 3D)
Batting: LHB Su-wu Xiao 0-0: Ball
1-0: Called Strike
1-1: Ball
2-1: Ball
3-1: Foul Ball, location: 2F
3-2: Fly out, F9 (Flyball, 89M)
Top of the 9th over - 0 runs, 1 hit, 0 errors, 1 left on base; Glendale 1 - Long Island 3
Tuesday, December 19th, 2017 - OOTP Baseball 18.8 Build 76